 Dungeon Crawl Stone Soup version bcrawl-1.36.3 (webtiles) character file.

Game seed: 18407514108330681922

214263 zzzzzzzz the Chopper (level 5, -2/47 HPs)
             Began as a Minotaur Fighter on June 23, 2022.
             Slain by Sigmund
             ... wielding a +0 scythe
              (10 damage)
             ... on level 3 of the Dungeon.
             The game lasted 00:04:21 (1963 turns).

zzzzzzzz the Chopper (Minotaur Fighter)             Turns: 1963, Time: 00:04:22

Health: -2/47      AC:  7    Str: 21    XL:     5   Next: 88%
Magic:  4/4        EV:  6    Int:  5    God:
Gold:   77         SH:  9    Dex: 10    Spells: 4/4 levels left

rFire    . . .     SeeInvis .   a - +0 war axe
rCold    . . .     Gourm    .   c - +0 medium shield
rNeg     . . .     Faith    .   b - +0 scale mail
rPois    .         Spirit   .   (helmet restricted)
rElec    .         Reflect  .   (no cloak)
rCorr    .                      (no gloves)
MR       .....                  (no boots)
Stlth    ..........             (no amulet)
HPRegen  0.15/turn              (no ring)
MPRegen  0.09/turn              (no ring)

@: no status effects
A: retaliatory headbutt, horns 2
a: no special abilities


You were on level 3 of the Dungeon.
You were hungry.

You visited 1 branch of the dungeon, and saw 3 of its levels.

You collected 77 gold pieces.

Inventory:

Hand Weapons
 a - a +0 war axe (weapon)
Armour
 b - a +0 scale mail (worn)
 c - a +0 medium shield (worn)
Jewellery
 o - the cursed amulet of Hubruod {Inacc +Fly rElec Int-5, unknown}
   (You found it on level 2 of the Dungeon)

   [amulet of inaccuracy]

   It reduces the accuracy of all your attacks.
   It affects your intelligence (-5).
   It insulates you from electricity.
   It lets you fly.
   It has a curse placed upon it.
Scrolls
 f - 3 scrolls of amnesia {unknown}
 i - a scroll of identify
 j - 2 scrolls of enchant weapon {unknown}
 m - a scroll of fog {unknown}
 n - a scroll of remove curse {unknown}
 r - 2 scrolls of fear {unknown}
Potions
 d - a potion of might
 g - a potion of brilliance {unknown}
 h - 3 potions of degeneration {unknown}
 k - a potion of mutation {unknown}
 l - 3 potions of curing {unknown}
 q - a potion of agility {unknown}
Comestibles
 e - 6 rations {!d}


   Skills:
 + Level 4.3 Fighting
 + Level 5.6 Axes
 + Level 4.7 Armour
 + Level 0.5 Dodging
 + Level 4.5 Shields


You had 4 spell levels left.
You didn't know any spells.
Your spell library was empty.

Dungeon Overview and Level Annotations

Branches:
Dungeon (3/12)

Altars:

Annotations:
D:3 Sigmund


Innate Abilities, Weirdness & Mutations

You reflexively headbutt those who attack you in melee.
You have a pair of horns on your head.


Message History

You hit the orc. You headbutt the orc.
You kill the orc!
You block the giant cockroach's attack.
You closely miss the giant cockroach.
Your headbutt misses the giant cockroach.
The giant cockroach barely misses you. Something hits you.
The giant cockroach bites you.
You slash the giant cockroach!
You kill the giant cockroach!
The orc priest calls down the wrath of Beogh upon you.
Beogh smites you! You block something's attack.
You slash the orc!
You kill the orc!
Something hits you but does no damage.
You barely miss the orc priest.
The orc priest calls down the wrath of Beogh upon you.
Pain shoots through your body!
* * * LOW HITPOINT WARNING * * *
Something hits you!
You die...

#####.#.# #.##..#####..
....#.#.####.#.........
...................>#.##
###.#.##.#.#.....#.....#
# #.#.##.#.#...........#
# #.#.##.#.#...........#
# #.#.##...#....##{....#
#.#....#.##....o)....#
#.###..#.#####@#.....#
#......#.......#......+
######.#.....###....###
#####.#.....# ....#
#...........# s...#
#...........# ....#
#...........# #....
#...........# #
######+#..)..#


You could see an orc priest.

Vanquished Creatures
  2 orc wizards (D:3)
  Natasha (thrice) (D:3)
  A worker ant (D:3)
  3 worms (D:2)
  3 dart slugs
  3 leopard geckos (D:2)
  10 orcs (D:3)
  5 giant cockroaches
  4 goblins (D:1)
  11 hobgoblins
  7 jackals (D:1)
  A quokka (D:2)
  2 ball pythons
  5 bats
  2 frilled lizards (D:3)
  5 kobolds (D:2)
  7 rats
74 creatures vanquished.

Notes
Turn   | Place    | Note
-------+----------+-------------------------------------------
     0 | D:1      | zzzzzzzz the Minotaur Fighter began the quest for the Orb.
     0 | D:1      | Reached XP level 1. HP: 19/19 MP: 0/0
   152 | D:1      | Reached XP level 2. HP: 27/27 MP: 1/1
   416 | D:1      | Reached XP level 3. HP: 32/33 MP: 2/2
   419 | D:1      | Reached skill level 3 in Axes
   798 | D:2      | Got a bound steel amulet
  1147 | D:2      | Reached XP level 4. HP: 40/40 MP: 3/3
  1517 | D:3      | Reached skill level 4 in Axes
  1531 | D:3      | Reached XP level 5. HP: 18/47 MP: 4/4
  1668 | D:3      | Noticed Natasha
  1672 | D:3      | Killed Natasha
  1807 | D:3      | Noticed Natasha
  1815 | D:3      | Killed Natasha
  1829 | D:3      | Noticed Natasha
  1835 | D:3      | Killed Natasha
  1836 | D:3      | Reached skill level 5 in Axes
  1954 | D:3      | Noticed Sigmund
  1963 | D:3      | Slain by Sigmund

Skill      XL: |  1  2  3  4  5 |
---------------+----------------+-----
Armour         | 4 |  4.7
Fighting       | 4 |  4.3
Shields        | 4 |  4.5
Axes           | 3 4 5 |  5.6
Dodging        | |  0.5

Action                   |  1- 3 |  4- 6 || total
-------------------------+-------+-------++-------
Melee: War axe           |    70 |    70 ||   140
       Headbutt          |    19 |    11 ||    30
  Eat: Chunk             |     3 |     5 ||     8
Armor: Scale mail        |    37 |    21 ||    58
Dodge: Dodged            |    21 |    20 ||    41
Block: Medium shield     |    41 |    30 ||    71
